 Dungeon Crawl Stone Soup version 0.25-a0-41-g6cf4ce537d (webtiles) character file.

Game seed: 10639853763398890278, levelgen mode: deterministic

1069 MrRokkomies the Jinx (level 8, -1/31 HPs)
             Began as a Felid Enchanter on Oct 21, 2019.
             Was an Initiate of Ashenzari.
             Slain by a killer bee (5 damage)
             ... on level 7 of the Dungeon.
             The game lasted 00:20:14 (9590 turns).

MrRokkomies the Jinx (Felid Enchanter)              Turns: 9590, Time: 00:20:15

Health: -1/31      AC:  2    Str:  4    XL:     8   Next: 7%
Magic:  2/12       EV: 18    Int: 19    God:    Ashenzari [......]
Gold:   240        SH:  0    Dex: 16    Spells: 2/11 levels left
                                        Lives:  0   Deaths: 2

rFire    . . .     SeeInvis +     - Unarmed
rCold    . . .     Gourm    .   (shield unavailable)
rNeg     . . .     Faith    .   (armour unavailable)
rPois    .         Spirit   .   (helmet unavailable)
rElec    .         Reflect  .   (cloak unavailable)
rCorr    .         Harm     .   (gloves unavailable)
MR       +....                  (boots unavailable)
Stlth    ++++......             (no amulet)
HPRegen  0.10/turn              (no ring)
MPRegen  0.13/turn              (no ring)

@: very slightly contaminated, quick
A: very small, no armour, no weapons or thrown items, stealth, claws 1, fangs 3,
see invisible, carnivore, speed 1, shaggy fur 2, slow metabolism 1, sharp paws
a: Curse Item, Renounce Religion


You were on level 7 of the Dungeon.
You worshipped Ashenzari.
Ashenzari was noncommittal.
You were not hungry.

You visited 2 branches of the dungeon, and saw 8 of its levels.
You also visited: Sewer.

You collected 240 gold pieces.

Inventory:

Wands
 i - a wand of enslavement (5)
 l - a wand of polymorph (17)
 m - a wand of digging (5)
Scrolls
 k - 3 scrolls of remove curse
 p - a scroll of fog
 q - a scroll of identify
Potions
 a - 4 potions of brilliance
 c - 3 potions of flight {unknown}
 d - 3 potions of lignification {unknown}
 e - a potion of agility
 f - a potion of might
 g - 2 potions of mutation {unknown}
 j - a potion of haste {unknown}
 n - a potion of degeneration {unknown}
 o - a potion of ambrosia {unknown}
Comestibles
 b - 15 rations


   Skills:
 + Level 3.2 Dodging
 - Level 7.1 Stealth
 * Level 8.3 Unarmed Combat
 - Level 2.0 Spellcasting
 - Level 10.0 Hexes
 * Level 1.4 Ice Magic


You had 2 spell levels left.
You knew the following spells:

 Your Spells              Type           Power        Failure   Level  Hunger
a - Corona                Hex            #####..      1%          1    #......
b - Ensorcelled Hibernat  Hex/Ice        ###...       2%          2    ###....
c - Confuse               Hex            #####...     1%          3    ###....
d - Tukima's Dance        Hex            #####...     1%          3    ###....

Your spell library contained the following spells:

 Spells                   Type           Power        Failure   Level  Hunger
 Beastly Appendage        Tmut           #.....       17%         1    #......
 Shock                    Conj/Air       #...         17%         1    #......
 Sticks to Snakes         Tmut           #.......     26%         2    ###....
 Swiftness                Chrm/Air       #.......     26%         2    ###....
 Dazzling Spray           Conj/Hex       ###...       6%          3    ###....
 Spider Form              Tmut/Pois      #.........   45%         3    ###....
 Static Discharge         Conj/Air       #.......     45%         3    ###....
 Ice Form                 Ice/Tmut       #.......     77%         4    #####..
 Airstrike                Air            #.........   86%         4    #####..
 Blade Hands              Tmut           #.........   99%         5    ######.
 Lightning Bolt           Conj/Air       #.........   99%         5    ######.


Dungeon Overview and Level Annotations

Branches:
Dungeon (7/15)             Temple (1/1) D:5           Sewer (visited)

Altars:
Ashenzari
Cheibriados
Dithmenos
Fedhas
Gozag
Hepliaklqana
Makhleb
Nemelex Xobeh
Okawaru
Ru
Sif Muna
Trog
Uskayaw
Vehumet
Wu Jian
Xom
Yredelemnul
Zin

Shops:
D:7 [(

Annotations:
D:5 Prince Ribbit


Innate Abilities, Weirdness & Mutations

You cannot wear armour.
You are incapable of wielding weapons or throwing items.
Your paws allow you to move quietly. (Stealth)
You have sharp claws.
You have razor-sharp teeth.
You have supernaturally acute eyesight. (SInv)
You are carnivorous and can eat meat at any time.
You cover ground quickly.
You are covered in thick fur. (AC +2)
You have a slow metabolism.
Your sharp claws are effective at attacking unaware monsters.


Message History

Aim: a killer bee (chance to defeat MR: 62%)
The killer bee resists with significant effort.
The killer bee closely misses you. The killer bee stings you!
The killer bee stings you!
* * * LOW HITPOINT WARNING * * *
You are lethally poisoned!
The killer bee poisons you!
* * * LOW HITPOINT WARNING * * *
You feel sick. The killer bee misses you.
You feel better. The killer bee closely misses you. The killer bee stings you!
* * * LOW HITPOINT WARNING * * *
Evoke which item? (* to show all) (? for menu, Esc to quit)
Aiming: Enslavement
Press: ? - help, Shift-Dir - straight line, f - killer bee, p - killer bee
Aim: a killer bee (chance to defeat MR: 54%)
The killer bee resists with significant effort.
The killer bee stings you.
You die...

#.............#.#
####.....###...#...#
...<.....###.......#
..............<..#.#
.).......####..#.#.#
....####.#.....#.#.# ....#
#.#####.#.#.. ....#
#.#####.#.#.# ....#
#.......#@#.# ....#
#.......#y#.# ....#
#........y# ######## ....#
#......####.#))(...# #####
#......# .#.####.#
#######......####.#.# #.#
#.............≈≈≈.#.####.#
#.......#....≈≈≈≈≈#....#.#
#.....>...#....\≈≈####.#.####


You could see 2 killer bees.

Vanquished Creatures
  A spriggan (D:7)
  A hungry ghost (D:7)
  Duvessa (D:6)
  2 ogres
  3 big kobolds
  A bullfrog (D:7)
  Dowan (D:6)
  A scorpion (D:4)
  7 killer bees (D:7)
  A howler monkey (D:4)
  A crimson imp (D:6)
  A jelly (D:7)
  A centaur skeleton (D:7)
  A bullfrog skeleton (D:5)
  A hound (D:4)
  An iguana (D:7)
  3 orc wizards
  A worker ant (D:5)
  A worker ant zombie (D:6)
  A gnoll (D:1)
  A river rat (D:3)
  4 adders
  4 oozes
  A worm (D:4)
  A dart slug (D:1)
  3 leopard geckos
  9 orcs
  8 bats
  9 giant cockroaches
  4 goblins
  12 hobgoblins
  8 jackals
  3 quokkas
  3 ball pythons
  2 frilled lizards
  26 kobolds
  10 rats
139 creatures vanquished.

Vanquished Creatures (collateral kills)
  An ogre (D:5)
  2 orcs (D:4)
3 creatures vanquished.

Vanquished Creatures (others)
  2 dancing weapons
  A killer bee (D:7)
3 creatures vanquished.

Grand Total: 145 creatures vanquished

Notes
Turn   | Place    | Note
-------+----------+-------------------------------------------
     0 | D:1      | MrRokkomies the Felid Enchanter began the quest for the
                  | Orb.
     0 | D:1      | Reached XP level 1. HP: 7/7 MP: 4/4
   450 | D:1      | Reached XP level 2. HP: 11/11 MP: 4/6
   454 | D:1      | Learned a level 2 spell: Ensorcelled Hibernation
   927 | D:1      | Reached skill level 5 in Hexes
  1002 | D:1      | Reached XP level 3. HP: 14/14 MP: 7/7
  1331 | D:2      | Learned a level 3 spell: Confuse
  2114 | D:3      | Reached XP level 4. HP: 14/18 MP: 4/8
  2415 | D:3      | Reached skill level 6 in Hexes
  2467 | D:3      | Found a glowing drain.
  2471 | Sewer    | Entered a sewer
  2940 | Sewer    | Noticed a big kobold
  3011 | Sewer    | Reached skill level 5 in Stealth
  3024 | Sewer    | Killed a big kobold
  3024 | Sewer    | Reached XP level 5. HP: 2/21 MP: 1/9
  3333 | Sewer    | Reached skill level 7 in Hexes
  3333 | Sewer    | Gained mutation: You are covered in thick fur. (AC +2)
                  | [Felid growth]
  3333 | Sewer    | Reached XP level 6. HP: 24/24 MP: 3/10
  4024 | D:4      | Learned a level 3 spell: Tukima's Dance
  4679 | D:5      | Entered Level 5 of the Dungeon
  4966 | D:5      | Reached skill level 8 in Hexes
  4970 | D:5      | Found a staircase to the Ecumenical Temple.
  5013 | D:5      | Noticed Prince Ribbit
  5051 | Temple   | Entered the Ecumenical Temple
  5520 | Temple   | Became a worshipper of Ashenzari the Shackled
  5885 | D:5      | Reached XP level 7. HP: 27/27 MP: 5/11
  5966 | D:5      | Slain by an orc wizard
  5967 | D:5      | Reached XP level 6. HP: 0/24 MP: 2/10
  6385 | D:6      | Noticed Duvessa
  6385 | D:6      | Noticed Dowan
  6396 | D:6      | Killed Duvessa
  6396 | D:6      | Reached skill level 5 in Unarmed Combat
  6507 | D:6      | Killed Dowan
  6507 | D:6      | Reached skill level 9 in Hexes
  6632 | D:6      | HP: 1/24 [crimson imp (4)]
  6637 | D:6      | Reached XP level 7. HP: 10/27 MP: 1/11
  8304 | D:7      | Noticed a hungry ghost
  8316 | D:7      | Killed a hungry ghost
  8447 | D:7      | Found a shattered altar of Ashenzari.
  8510 | D:7      | Reached skill level 10 in Hexes
  8697 | D:6      | Killed from afar by an orc priest
  8698 | D:6      | Reached XP level 6. HP: -2/24 MP: 1/10
  8785 | D:7      | Reached XP level 7. HP: 25/27 MP: 7/11
  9021 | D:7      | Noticed a spriggan baker
  9022 | D:7      | Killed a spriggan baker
  9205 | D:7      | Found Azuef's Antique Armour Emporium.
  9225 | D:7      | Found Syfrorio's Weapon Emporium.
  9256 | D:7      | Reached skill level 1 in Ice Magic
  9256 | D:7      | Reached XP level 8. HP: 31/31 MP: 9/12
  9590 | D:7      | Slain by a killer bee

Levels and vault maps discovered:
D:1:      nzn_arrival_settlement, layout_basic, hangedman_decor_opposing
D:2:      layout_basic
D:3:      layout_loops_ring, gup_sewer_entry_spiral
D:4:      layout_gridville
D:5:      layout_basic, temple_fountains, first_ration, serial_glass,
          glass_columns_c, glass_columns_b, glass_columns_c, glass_columns_b,
          glass_columns_a, glass_columns_a, uniq_prince_ribbit1
D:6:      layout_layer_cave, uniq_duvessa
D:7:      layout_basic, basic_altar, serial_shops, shop_fountains, shop,
          nicolae_shop_waterfront, the_bakery
Temple:   dpeg_five_rooms_temple

Skill      XL: |  1  2  3  4  5  6  7 |
---------------+----------------------+-----
Hexes          | 5 6 7 9 10 | 10.0
Unarmed Combat | 2 3 5 8 |  8.3
Stealth        | 5 6 7 |  7.1
Dodging        | 3 |  3.2
Ice Magic      | 1 |  1.4
Spellcasting   | |  2.0

Action                   |  1- 3 |  4- 6 |  7- 9 || total
-------------------------+-------+-------+-------++-------
Melee: Unarmed           |   102 |   215 |    93 ||   410
       Bite              |     6 |    18 |     9 ||    33
       Punch             |       |     1 |     2 ||     3
 Cast: Corona            |     1 |       |       ||     1
       Ensorcelled Hiber |    21 |    41 |    17 ||    79
       Confuse           |       |    16 |     9 ||    25
       Tukima's Dance    |       |     8 |     4 ||    12
Evoke: Wand              |       |       |     4 ||     4
  Use: Scroll            |     4 |     7 |       ||    11
       Potion            |       |     8 |     4 ||    12
 Stab: Sleeping          |    20 |    38 |    14 ||    72
       Distracted        |       |     1 |       ||     1
       Confused          |       |     3 |     7 ||    10
  Eat: Chunk             |     8 |    11 |     6 ||    25
Armor: Skin              |     2 |    21 |     3 ||    26
Dodge: Dodged            |    97 |   239 |    80 ||   416

Table legend:
 A = Non-vault XP
 B = Vault XP
 C = Vault XP percentage of total XP
 D = Non-vault monster count
 E = Vault monster count
 F = Vault count percentage of total count
                 A         B        C        D         E       F
            +---------+---------+-------+---------+---------+-------
      Total |    1912 |     688 |  26.5 |     109 |      33 |  23.2
            +---------+---------+-------+---------+---------+-------
        D:1 |      53 |       0 |   0.0 |      22 |       0 |   0.0
        D:2 |      35 |       0 |   0.0 |      11 |       0 |   0.0
        D:3 |      52 |      21 |  28.8 |      19 |       6 |  24.0
        D:4 |     258 |       0 |   0.0 |      13 |       0 |   0.0
        D:5 |     269 |       0 |   0.0 |      13 |       0 |   0.0
        D:6 |     127 |     219 |  63.3 |      10 |       2 |  16.7
        D:7 |    1118 |     211 |  15.9 |      21 |       1 |   4.5
      Sewer |       0 |     237 | 100.0 |       0 |      24 | 100.0
            +---------+---------+-------+---------+---------+-------
